Kradschützen Motorcycle Team
Kradschützen Motorcycle Team
Selects Armored Support Battlegroup
Selects Armored Support Battlegroup
Construct Light Support Kompanie
Selects Superior Fire Drills
Construct Mechanized Kompanie
Panzerjäger Mechanized Group
254 Reconnaissance Tractor
Selects Flammpanzer III Medium Tank
Marder III Tank Destroyer
Marder III Tank Destroyer
Selects Command Panzer IV F Medium Tank
Marder III Tank Destroyer
254 Reconnaissance Tractor
Construct Panzerarmee Kommand
Selects Stuka Anti-tank Loiter